 Dungeon Crawl Stone Soup version 0.19.1 (webtiles) character file.

53 JeffiDaFish the Shield-Bearer (level 3, -4/24 HPs)
             Began as a Gargoyle Fighter on Dec 15, 2016.
             Slain by a gnoll
             ... wielding a +0 flail
              (8 damage)
             ... on level 2 of the Dungeon.
             The game lasted 00:06:08 (1210 turns).

JeffiDaFish the Shield-Bearer (Gargoyle Fighter)    Turns: 1210, Time: 00:06:09

Health: -4/24      AC: 12    Str: 24 (27) XL:     3   Next: 87%
Magic:  3/3        EV:  7    Int:  6 (8)  God:
Gold:   93         SH:  9    Dex:  4 (7)  Spells: 0 memorised, 2 levels left

rFire  . . .     SeeInvis .     a - +1 flail
rCold  . . .     Gourm    +     b - +0 scale mail
rNeg   + . .     Faith    .     c - +0 shield
rPois  ∞         Spirit   .     (no helmet)
rElec  +         Reflect  .     j - +0 cloak
rCorr  .         Harm     .     e - +0 pair of gloves
MR     .....                    (no boots)
Stlth  ..........               k - amulet of the gourmand
                                (no ring)
                                m - ring of stealth

@: mighty
A: talons 1, clumsy 1, negative energy resistance 1, electricity resistance,
strong 1, unbreathing, petrification resistance, rot immunity, AC +3
a: no special abilities


You were on level 2 of the Dungeon.
You were not hungry.

You visited 1 branch of the dungeon, and saw 2 of its levels.

You collected 93 gold pieces.

Inventory:

Hand Weapons
 a - a +1 flail (weapon)
Armour
 b - a +0 scale mail (worn)
 c - a +0 shield (worn)
 e - a +0 pair of gloves (worn)
 j - a +0 cloak (worn)
Jewellery
 k - an amulet of the gourmand (around neck)
 m - a ring of stealth (left hand)
Scrolls
 h - a scroll of identify
 i - 2 scrolls of teleportation
 l - a scroll of magic mapping
Comestibles
 f - 3 bread rations


   Skills:
 + Level 3.7 Fighting
 + Level 2.6 Maces & Flails
 + Level 3.5 Armour
 + Level 0.1 Dodging
 + Level 4.1 Shields


You had 2 spell levels left.
You didn't know any spells.

Dungeon Overview and Level Annotations

Branches:
Dungeon (2/15)

Altars:
Elyvilon
Lugonu

Portals:
Abyss: D:1


Innate Abilities, Weirdness & Mutations

You are resistant to torment.
Your stone body is resilient. (AC +3)
You are immune to poison.
You resist negative energy. (rN+)
You are resistant to electric shocks. (rElec)
You can survive without breathing.
You are immune to petrification.
You are immune to rotting.
You have sharp toenails.
You are clumsy. (Dex -2)
Your muscles are strong. (Str +2)


Message History

The gnoll hits you but does no damage.
You closely miss the gnoll.
The gnoll is moderately wounded.
The gnoll barely misses you. The gnoll hits you with a spear.
You block the gnoll's attack. The gnoll barely misses you.
You closely miss the gnoll. Your kick misses the gnoll.
The gnoll is moderately wounded.
The gnoll hits you but does no damage. x2; The gnoll hits you with a halberd.
The gnoll hits you with a flail! The gnoll hits you but does no damage.
You hit the gnoll. Your kick misses the gnoll.
The gnoll is moderately wounded.
You block the gnoll's attack. The gnoll hits you but does no damage.
You block the gnoll's attack. The gnoll hits you with a flail.
* * * LOW HITPOINT WARNING * * *
The gnoll hits you with a spear.
* * * LOW HITPOINT WARNING * * *
You feel very mighty all of a sudden.
The gnoll hits you but does no damage. x2; The gnoll barely misses you.
The gnoll hits you with a flail!
You die...

#.# ###.# #####...#
####.....#.#
.....#####.# ######
#.############
#.#...?......#
#.#$....g.%..# ####
#.#....@g....#
...#######.#....gg....#
...(...........=......#
...........(..........#
......####.#..........#
.....## #.#..........#
.....#####.#..........#
........ ..############
......## ###


You could see 4 gnolls.

Vanquished Creatures
  3 dart slugs
  A leopard gecko (D:1)
  5 giant cockroaches
  7 hobgoblins
  4 jackals (D:1)
  4 kobolds
  A ball python (D:2)
  5 bats
  4 frilled lizards (D:1)
  4 goblins (D:1)
  5 rats
43 creatures vanquished.

Notes
Turn   | Place    | Note
-------+----------+-------------------------------------------
     0 | D:1      | JeffiDaFish the Gargoyle Fighter began the quest for the Orb.
     0 | D:1      | Reached XP level 1. HP: 14/14 MP: 1/1
   101 | D:1      | Reached XP level 2. HP: 19/19 MP: 2/2
   339 | D:1      | Found a corrupted altar of Lugonu.
   339 | D:1      | Found a one-way gate to the infinite horrors of the Abyss.
   339 | D:1      | Noticed a demonic crawler
   340 | D:1      | Noticed a demonic crawler
   416 | D:1      | Reached XP level 3. HP: 24/24 MP: 3/3
   617 | D:1      | Reached skill level 4 in Shields
  1043 | D:2      | Gained mutation: You are clumsy. (Dex -2) [potion of mutation]
  1043 | D:2      | Gained mutation: Your muscles are strong. (Str +2) [potion of mutation]
  1043 | D:2      | Gained mutation: You have sharp toenails. [potion of mutation]
  1159 | D:2      | Found a white marble altar of Elyvilon.
  1210 | D:2      | Slain by a gnoll

Skill      XL: |  1  2  3 |
---------------+----------+-----
Shields        | 4 |  4.1
Fighting       | |  3.7
Maces & Flails | |  2.6
Armour         | |  3.5
Dodging        | |  0.1

Action                   || total
-------------------------++-------
Melee: Flail             ||   122
  Use: Scroll            ||     8
       Potion            ||     5
  Eat: Chunk             ||    10
Armor: Scale mail        ||    85
Dodge: Dodged            ||    46
Block: Shield            ||    68
